 Dungeon Crawl Stone Soup version 0.28.0-47-ge53b351184 (webtiles) character file.

Game seed: 8536941473945672464

43 RatsInWalls the Caller (level 3, -2/20 HPs)
             Began as a Tengu Summoner on May 10, 2022.
             Frozen to death by an endoplasm (5 damage)
             ... on level 2 of the Dungeon.
             The game lasted 00:05:30 (1309 turns).

RatsInWalls the Caller (Tengu Summoner)             Turns: 1309, Time: 00:05:32

Health: -2/20      AC:  2    Str: 10    XL:     3   Next: 58%
Magic:  5/6        EV: 12    Int: 15    God:
Gold:   70         SH:  0    Dex: 14    Spells: 5/6 levels left

rFire   + . .      SeeInvis .   d - +0 short sword
rCold   . . .      Faith    .   (no shield)
rNeg    . . .      Spirit   .   a - +0 robe
rPois   .          Reflect  .   (helmet restricted)
rElec   .          Harm     .   (no cloak)
rCorr   .          Rampage  .   (no gloves)
Will    .....                   (boots unavailable)
Stlth   ++........              (no amulet)
HPRegen 0.06/turn               (no ring)
MPRegen 0.10/turn               (no ring)

@: no status effects
A: beak, talons 3, fire resistance 1, low MP 1
a: no special abilities


You were on level 2 of the Dungeon.
You visited 1 branch of the dungeon, and saw 2 of its levels.

You collected 70 gold pieces.

Inventory:

Hand Weapons
 d - a +0 short sword (weapon)
Armour
 a - a +0 robe (worn)
 j - a +0 ring mail
Magical Staves
 f - a staff of death
Scrolls
 c - 2 scrolls of holy word {unknown}
 h - a scroll of fog {unknown}
 i - a scroll of teleportation {unknown}
Potions
 g - a potion of flight {unknown}
 k - a potion of lignification {unknown}


   Skills:
 + Level 1.1 Fighting
 + Level 2.7 Dodging
 - Level 2.0 Stealth
 + Level 2.3 Spellcasting
 * Level 5.4 Summonings


You had 5 spell levels left.
You knew the following spells:

 Your Spells              Type           Power      Damage    Failure   Level
a - Summon Small Mammal   Summ           72%        N/A       2%          1

Your spell library contained the following spells:

 Spells                   Type           Power      Damage    Failure   Level
 Call Imp                 Summ           18%        N/A       3%          2
 Call Canine Familiar     Summ           18%        N/A       7%          3
 Summon Guardian Golem    Hex/Summ       9%         N/A       22%         3
 Corpse Rot               Necr/Air       2%         N/A       32%         2
 Poisonous Vapours        Pois/Air       2%         N/A       32%         2
 Summon Lightning Spire   Summ/Air       9%         N/A       56%         4


Dungeon Overview and Level Annotations

Branches:
Dungeon (2/15)

Altars:


Innate Abilities, Weirdness & Mutations

You have a beak for a mouth.
You have claws for feet.
Your flesh is heat resistant. (rF+)
Your magical capacity is low. (-10% MP)


Message History

The endoplasm jiggles.
The endoplasm hits you. The adder bites you.
You are poisoned.
The adder poisons you!
Your quokka barely misses the adder.
The endoplasm freezes you.
You are frozen.
* * * LOW HITPOINT WARNING * * *
Unknown command.
It was a potion of mutation.
You feel extremely strange.
You feel resistant to heat.
You feel less energetic.
* * * LOW HITPOINT WARNING * * *
You feel sick.
Your bat closely misses the adder.
The adder bites you.
* * * LOW HITPOINT WARNING * * *
Your quokka barely misses the adder.
The adder barely misses you. The endoplasm barely misses you.
It was a potion of curing.
You feel better.
Your bat hits the adder but does no damage.
Your quokka barely misses the adder.
The adder barely misses you.
The endoplasm hits you but does no damage.
An adder comes into view.
The adder hisses angrily.
Your quokka misses the adder. The endoplasm freezes you.
You are frozen.
You closely miss the adder. Your kick misses the adder.
The adder is severely wounded.
Your bat closely misses the adder.
Your bat hits the adder.
The adder closely misses you. x2; Your quokka bites the adder.
The endoplasm freezes you.
You are frozen.
* * * LOW HITPOINT WARNING * * *
Your bat hits the adder but does no damage.
The adder bites your quokka.
Your quokka is poisoned.
The adder poisons your quokka!
Your quokka bites the adder.
The adder dies!
The endoplasm freezes you.
You are frozen.
You die...

..###..####.##.#.######
.#.......##..#........#
............)..#.####.#
.........###.....#
##...............#
#.......###.....#
#.......# #.###.#
#........# #.....##
..########
#####@.####..
#....J.......
#....†r......
#............
#..bS........
#.........#..
#<........# .
#...!.....# #.........#


You could see an adder (ally target), an endoplasm, a friendly quokka (summoned,
very poisoned) and a friendly bat (summoned).

Vanquished Creatures
  A bat (D:1)
  2 endoplasms (D:1)
  A giant cockroach (D:2)
  A hobgoblin (D:2)
  A kobold (D:2)
  A rat (D:1)
7 creatures vanquished.

Vanquished Creatures (collateral kills)
  2 adders (D:2)
  A bat (D:1)
  3 endoplasms (D:1)
  A giant cockroach (D:1)
  5 goblins (D:1)
  3 hobgoblins (D:1)
  A quokka (D:2)
  2 ball pythons (D:1)
  2 frilled lizards (D:1)
  4 kobolds (D:1)
24 creatures vanquished.

Grand Total: 31 creatures vanquished

Notes
Turn   | Place    | Note
-------+----------+-------------------------------------------
     0 | D:1      | RatsInWalls the Tengu Summoner began the quest for the Orb.
     0 | D:1      | Reached XP level 1. HP: 10/10 MP: 4/4
   340 | D:1      | Reached skill level 5 in Summonings
   371 | D:1      | Reached XP level 2. HP: 16/16 MP: 3/6
   700 | D:1      | Reached XP level 3. HP: 20/20 MP: 4/7
   831 | D:1      | Reached skill level 1 in Fighting
  1305 | D:2      | Gained mutation: Your flesh is heat resistant. (rF+)
                  | [potion of mutation]
  1305 | D:2      | Gained mutation: Your magical capacity is low. (-10% MP)
                  | [potion of mutation]
  1309 | D:2      | Frozen to death by an endoplasm

Illustrated notes

Levels and vault maps discovered:
D:1:      enne_arrival_octagon_isle, layout_basic, chequers_garden
D:2:      layout_rooms, basic_altar, hellmonk_ecumenical_altar_prayer_group,
          uniq_jessica, uniq_crazy_yiuf_cottage

Skill      XL: |  1  2  3 |
---------------+----------+-----
Summonings     | 5 |  5.4
Fighting       | 1 |  1.1
Dodging        | |  2.7
Stealth        | |  2.0
Spellcasting   | |  2.3

Action                   || total
-------------------------++-------
Melee: Short sword       ||    22
       Peck              ||     3
       Kick              ||     3
       Punch             ||     1
 Cast: Summon Small Mamm ||    48
  Use: Potion            ||     2
Armor: Robe              ||     2
Dodge: Dodged            ||    26
